 Seeded DCSS version 0.30-a0-613-gdd512c7efb (webtiles) character file.

Game seed: 2050236378858804499 (custom seed)

1360 purpskrrrp the Slasher (level 8, -2/60 (62) HPs)
             Began as a Demonspawn Gladiator on Jan 8, 2023.
             Was a Priest of Lugonu.
             Slain by a wight
             ... wielding a +0 falchion
              (3 damage)
             ... on level 6 of the Dungeon.
             The game lasted 00:07:17 (3529 turns).

purpskrrrp the Slasher (Demonspawn Gladiator)       Turns: 3529, Time: 00:07:18

HP:   -2/60 (62)    AC:  5    Str: 18    XL:     8   Next: 37%
MP:   8/12          EV: 14    Int:  8    God:    Lugonu [***...]
Gold: 179           SH:  0    Dex: 17    Spells: 7/7 levels left

rFire   . . .      SeeInvis .    a - +0 long sword
rCold   . . .      Faith    .    (no shield)
rNeg    . . .      Spirit   .    b - +0 leather armour
rPois   .          Reflect  .    (helmet restricted)
rElec   .          Harm     .    m - +0 cloak
rCorr   .          Rampage  .    (no gloves)
Will    .....                    (no boots)
Stlth   +                        (no amulet)
HPRegen 0.30/turn                (no ring)
MPRegen 0.13/turn                (no ring)

@: mighty, lightly drained
A: horns 1, rugged brown scales 1, powered by death 2, spiny 1, strong 1,
subdued magic 1, MP-powered wands
a: Renounce Religion, Depart the Abyss, Banish


You were on level 6 of the Dungeon.
You worshipped Lugonu.
Lugonu was most pleased with you.
You visited 1 branch of the dungeon, and saw 5 of its levels.
You also visited: Sewer.

You collected 179 gold pieces.

Inventory:

Hand Weapons
 a - a +0 long sword (weapon)
Missiles
 d - 2 throwing nets
 e - a javelin
 f - 4 poisoned darts
Armour
 b - a +0 leather armour (worn)
 c - a +0 helmet
 m - a +0 cloak (worn)
 A - a +0 plate armour of willpower
Jewellery
 w - a ring of flight
 y - a ring of magical power
Wands
 u - a wand of roots (5)
Scrolls
 g - a scroll of identify
 i - 2 scrolls of immolation {unknown}
 j - 2 scrolls of magic mapping {unknown}
 l - 3 scrolls of teleportation {unknown}
 o - a scroll of fear {unknown}
 p - a scroll of summoning {unknown}
 q - 2 scrolls of silence {unknown}
 r - a scroll of noise {unknown}
 s - a scroll of enchant armour {unknown}
 x - a scroll of poison {unknown}
Potions
 k - 2 potions of resistance
 n - 2 potions of flight
 v - a potion of cancellation
 z - 3 potions of invisibility
 B - a potion of magic {unknown}


   Skills:
 + Level 4.9 Fighting
 * Level 6.6 Long Blades
 - Level 1.8 Throwing
 + Level 5.0 Dodging
 + Level 5.6 Invocations


You had 7 spell levels left.
You didn't know any spells.
Your spell library contained the following spells:

 Spells                   Type           Power      Damage    Failure   Level
 Hailstorm                Conj/Ice       0%         3d3       80%         3
 Ice Form                 Ice/Tmut       0%         N/A       99%         4
 Simulacrum               Ice/Necr       0%         N/A       100%        6


Dungeon Overview and Level Annotations

Branches:
Dungeon (6/15)             Temple (0/1) D:5           Sewer (visited)

Altars:
Kikubaaqudgha
Nemelex Xobeh
Lugonu

Annotations:
D:3 Jessica


Innate Abilities, Weirdness & Mutations

You have a pair of small horns on your head.
You are partially covered in rugged brown scales. (AC +1, +3% HP)
You regenerate health from kills.
You are partially covered in sharp spines.
Your muscles are strong. (Str +4, Int/Dex -1)
Your spells are a little easier to cast, but a little less powerful.
You expend magic power (3 MP) to strengthen your wands.


Message History

You are too injured to fight recklessly!
You are too injured to fight recklessly!
You are too injured to fight recklessly!
You are too injured to fight recklessly!
You are too injured to fight recklessly!
You are too injured to fight recklessly!
You are too injured to fight recklessly!
You are too injured to fight recklessly!
You are too injured to fight recklessly!
You are too injured to fight recklessly!
You are too injured to fight recklessly!
You are too injured to fight recklessly!
You are too injured to fight recklessly!
You are too injured to fight recklessly!
Okay, then.
You feel very mighty all of a sudden.
You are engulfed in a cloud of scalding steam.
The wight is struck by your spines. The wight misses you.
The steam dragon bites you!
* * * LOW HITPOINT WARNING * * *
The steam dragon claws you but does no damage.
A wight comes into view. It is wielding a +3 morningstar.
The wight is struck by your spines.
The wight hits you with a +3 scimitar of freezing!
* * * LOW HITPOINT WARNING * * *
The wight freezes you.
* * * LOW HITPOINT WARNING * * *
You feel better.
You are engulfed in a cloud of scalding steam.
* * * LOW HITPOINT WARNING * * *
The wight hits you with a +0 falchion!
* * * LOW HITPOINT WARNING * * *
The steam dragon bites you but does no damage.
The steam dragon closely misses you. The wight is struck by your spines.
The wight misses you. The wight completely misses you.
Press: ? - help, Shift-Dir - straight line, f/p - steam dragon
Aim: a steam dragon (severely wounded, catching its breath, chance to affect: 83%)
The steam dragon barely resists.
The steam dragon twists and deforms.
The wight is struck by your spines. The wight hits you with a +0 falchion.
You die...

## ##. #.. ## .. #
#.. ##..
###.##.###.#####.[
....
..zz...z..........
.... #z# ....)###...
#@# ###...#⌠#Yh.
......zzD#
#...###.###.
###.#......
#...#⌠)..⌠#c
......#.##.###[))..##
#.####.#.# #⌠..)<...⌠
#+ .# #..###...).##
.# ....o#⌠...⌠#. ..
.#+..###(###.
.......#⌠#...


You could see a steam dragon (catching breath, misshapen) and 4 wights.

Vanquished Creatures
  Grinder (Sewer)
  Eustachio (D:5)
  Menkaure (D:5)
  An ice beast (D:5)
  A black bear (D:5)
  An ogre (D:5)
  A phantom (D:5)
  2 kobold brigands
  A scorpion (D:5)
  A vampire bat (D:5)
  2 quasits (Sewer)
  An iguana (D:5)
  3 adders
  5 shadow imps (Sewer)
  An ufetubus (Sewer)
  4 worms
  A dart slug (D:2)
  3 fire bats (D:5)
  2 orcs
  2 spectral bats (D:5)
  7 ball pythons
  17 bats
  3 bat skeletons (D:5)
  2 bat zombies
  4 endoplasms
  2 giant cockroaches
  3 goblins
  4 hobgoblins
  2 quokkas
  A bat simulacrum (D:5)
  27 kobolds
  5 rats
112 creatures vanquished.

Notes
Turn   | Place    | Note
-------+----------+-------------------------------------------
     0 | D:1      | purpskrrrp the Demonspawn Gladiator began the quest for the
                  | Orb.
     0 | D:1      | Reached XP level 1. HP: 16/16 MP: 1/1
   182 | D:1      | Reached skill level 3 in Long Blades
   182 | D:1      | Gained mutation: You regenerate a little health from kills.
                  | [demonic ancestry]
   182 | D:1      | Reached XP level 2. HP: 22/22 MP: 2/2
   249 | D:1      | Found a faded altar of an unknown god.
   261 | D:1      | Prayed at the altar of an unknown god.
   261 | D:1      | Became a worshipper of Lugonu the Unformed
   261 | D:1      | Reached * piety under Lugonu
   964 | D:2      | Gained mutation: You regenerate health from kills. [demonic
                  | ancestry]
   964 | D:2      | Reached XP level 3. HP: 28/28 MP: 3/3
  1121 | D:2      | Reached skill level 1 in Invocations
  1347 | D:2      | Found a sparkling altar of Nemelex Xobeh.
  1696 | D:3      | Noticed Jessica
  1698 | D:3      | You fall into a shaft and drop 2 floors!
  1698 | D:5      | Entered Level 5 of the Dungeon
  1730 | D:5      | Noticed a scorpion
  1732 | D:5      | Noticed a phantom
  1733 | D:5      | Found a staircase to the Ecumenical Temple.
  1733 | D:5      | Noticed a black bear
  1745 | D:5      | Gained mutation: Your spells are a little easier to cast,
                  | but a little less powerful. [potion of mutation]
  1745 | D:5      | Gained mutation: Your muscles are strong. (Str +4, Int/Dex
                  | -1) [potion of mutation]
  1745 | D:5      | Gained mutation: You expend magic power (3 MP) to
                  | strengthen your wands. [potion of mutation]
  1751 | D:5      | Killed a scorpion
  1752 | D:5      | Gained mutation: You have a pair of small horns on your
                  | head. [demonic ancestry]
  1752 | D:5      | Reached XP level 4. HP: 25/34 MP: 3/5
  1760 | D:5      | Killed a phantom
  1761 | D:5      | Reached skill level 4 in Long Blades
  1761 | D:5      | Gained mutation: You are partially covered in rugged brown
                  | scales. (AC +1, +3% HP) [demonic ancestry]
  1761 | D:5      | Reached XP level 5. HP: 23/42 MP: 3/6
  1764 | D:5      | Killed a black bear
  1765 | D:5      | Reached XP level 6. HP: 33/48 MP: 3/8
  1816 | D:5      | Found a glowing drain.
  1855 | Sewer    | Entered a sewer
  1877 | Sewer    | Reached ** piety under Lugonu
  1990 | Sewer    | Found a burning altar of Makhleb.
  1991 | Sewer    | Noticed Grinder
  2002 | Sewer    | Reached skill level 5 in Long Blades
  2054 | Sewer    | Killed Grinder
  2055 | Sewer    | Gained mutation: You are partially covered in sharp spines.
                  | [demonic ancestry]
  2055 | Sewer    | Reached XP level 7. HP: 32/54 MP: 8/10
  2061 | Sewer    | Reached *** piety under Lugonu
  2516 | D:5      | Noticed Eustachio
  2576 | D:5      | Killed Eustachio
  2675 | D:5      | Reached skill level 6 in Long Blades
  2798 | D:5      | Found a sparkling altar of Nemelex Xobeh.
  2888 | D:5      | Found an ancient bone altar of Kikubaaqudgha.
  3006 | D:5      | Reached XP level 8. HP: 62/62 MP: 11/11
  3024 | D:5      | Reached skill level 5 in Invocations
  3156 | D:5      | Noticed Menkaure
  3164 | D:5      | Killed Menkaure
  3454 | D:5      | Reached skill level 5 in Dodging
  3527 | D:6      | HP: 1/60 [wight/+3 scimitar of freezing (3)]
  3529 | D:6      | Slain by a wight

Illustrated notes

Levels and vault maps discovered:
D:1:      lightli_arrival_maybe_door_vault, layout_basic,
          shapermc_ecumenical_altar_pompeii, chequers_serial_rivers_micro_e,
          minmay_shallow_snake_nest
D:2:      layout_basic, basic_altar, minivault_26, hangedman_decor_points,
          kennysheep_nub, feat_on_display
D:3:      layout_basic, serial_shops, nicolae_diamond_shop, nicolae_square_shop,
          shop, shop, shop, uniq_jessica
D:5:      layout_loops_ring, lemuel_doored_altar, general_overflow_altar,
          minmay_temple_entry_tees, cheibrodos_sewer_entry_bend, goddamned_bats,
          uniq_menkaure, uniq_eustachio
D:6:      layout_basic, serial_corexii_hall, corexii_hall_statues_deadend,
          corexii_hall_statues_s, nicolae_fountain_basement, uniq_sigmund

Skill      XL: |  1  2  3  4  5  6  7  8 |
---------------+-------------------------+-----
Long Blades    | 3 4 5 6 |  6.6
Dodging        | 3 4 5 |  5.0
Invocations    | 1 2 4 5 |  5.6
Fighting       | 3 4 |  4.9
Throwing       | |  1.8

Action                   |  1- 3 |  4- 6 |  7- 9 || total
-------------------------+-------+-------+-------++-------
Melee: Long sword        |    96 |   155 |   102 ||   353
       Headbutt          |       |    22 |    20 ||    42
       Punch             |       |     1 |       ||     1
Throw: Throwing net      |       |     1 |     5 ||     6
       Dart              |       |       |     9 ||     9
Invok: Banish            |       |       |     1 ||     1
  Use: Potion            |     5 |     1 |     3 ||     9
       Scroll            |       |       |     4 ||     4
 Stab: Sleeping          |     1 |       |     3 ||     4
       Held in net/web   |       |     1 |     2 ||     3
Armor: Leather armour    |    26 |    88 |    28 ||   142
Dodge: Dodged            |    81 |   178 |    95 ||   354

Table legend: (Time is in decaauts)
 A = Elapsed time spent in this place.
 B = Non-inter-level travel time spent in this place.
 C = Inter-level travel time spent in this place.
 D = Time resting spent in this place.
 E = Time spent auto-exploring this place.
 F = Levels seen in this place.
 G = Mean time per level.
                   A        B        C        D        E       F      G
               +--------+--------+--------+--------+--------+-----+--------+
         Total |   3566 |   3500 |     66 |      0 |   2627 |   6 |  594.3 |
       Dungeon |   3166 |   3100 |     66 |      0 |   2433 |   5 |  633.2 |
         Sewer |    400 |    400 |      0 |      0 |    194 |   1 |  400.0 |
               +--------+--------+--------+--------+--------+-----+--------+

Top non-repeatable levels by time:
     D:5: 1407 daAuts
     D:1: 915 daAuts
     D:2: 799 daAuts
   Sewer: 400 daAuts
     D:6: 39 daAuts
     D:3: 4 daAuts
